 Dungeon Crawl Stone Soup version 0.27-a0-1557-g57f10a385c (webtiles) character file.

Game seed: 11431025437947984660

193 Sin92 the Skirmisher (level 5, -4/42 HPs)
             Began as a Demonspawn Fighter on July 15, 2021.
             Slain by an orc warrior (10 damage)
             ... on level 4 of the Dungeon.
             The game lasted 00:02:35 (3123 turns).

Sin92 the Skirmisher (Demonspawn Fighter)           Turns: 3123, Time: 00:02:35

Health: -4/42      AC: 10    Str: 17    XL:     5   Next: 43%
Magic:  5/5        EV:  5    Int:  9    God:
Gold:   250        SH:  9    Dex: 13    Spells: 4/4 levels left

rFire    . . .     SeeInvis .   a - +2 trident
rCold    . . .     Faith    .   c - +0 kite shield
rNeg     . . .     Spirit   .   j - +1 chain mail
rPois    .         Reflect  .   (no helmet)
rElec    .         Harm     .   (no cloak)
rCorr    .         Rampage  .   (no gloves)
Will     .....                  (no boots)
Stlth    ..........             (no amulet)
HPRegen  0.14/turn              (no ring)
MPRegen  0.18/turn              (no ring)

@: no status effects
A: magic regeneration, demonic magic 1
a: no special abilities


You were on level 4 of the Dungeon.
You visited 1 branch of the dungeon, and saw 4 of its levels.

You collected 250 gold pieces.

Inventory:

Hand Weapons
 a - a +2 trident (weapon)
Missiles
 d - a throwing net (quivered)
Armour
 b - a +0 scale mail
 c - a +0 kite shield (worn)
 j - a +1 chain mail (worn)
Scrolls
 h - a scroll of vulnerability
Potions
 f - 4 potions of curing {unknown}
 k - a potion of cancellation
 n - a potion of haste {unknown}
 o - a potion of lignification {unknown}
 p - a potion of heal wounds {unknown}


   Skills:
 + Level 3.7 Fighting
 * Level 3.3 Polearms
 + Level 3.2 Armour
 + Level 1.8 Dodging
 + Level 3.3 Shields


You had 4 spell levels left.
You didn't know any spells.
Your spell library was empty.

Dungeon Overview and Level Annotations

Branches:
Dungeon (4/15)
 Temple: D:4-7

Altars:


Innate Abilities, Weirdness & Mutations

You regenerate magic rapidly.
Spells you cast may paralyse adjacent enemies.


Message History

A bullfrog skeleton is nearby!
You puncture the bullfrog skeleton!
The bullfrog skeleton is almost destroyed.
You block the bullfrog skeleton's attack.
The bullfrog skeleton barely misses you.
Unknown command.
A bullfrog skeleton is nearby!
You completely miss the bullfrog skeleton.
The bullfrog skeleton is almost destroyed.
The bullfrog skeleton hits you.
Unknown command.
A bullfrog skeleton is nearby!
You hit the bullfrog skeleton.
You destroy the bullfrog skeleton!
Unknown command.
An orc warrior is nearby!
The orc warrior shouts!
You hear a shout!
An orc warrior is nearby!
An orc priest comes into view. It is wielding a +0 flail.
The orc priest shouts!
You hear a shout! x2
Unknown command.
Unknown command.
There are monsters nearby!
Unknown command.
There are monsters nearby!
You hit the orc warrior but do no damage.
An orc wizard comes into view. It is wielding a +0 dagger.
Okay, then.
It was a potion of cancellation.
You feel magically purged.
The orc warrior hits you with a +0 battleaxe!
You closely miss the orc priest.
The orc warrior hits you with a +0 battleaxe!
You block the orc priest's attack.
The orc warrior hits you with a +0 battleaxe!
* * * LOW HITPOINT WARNING * * *
You hit the orc priest.
The orc priest is moderately wounded.
The orc priest barely misses you.
The orc warrior hits you with a +0 battleaxe!
You die...

##.#.#.#.# #.....
#........####.....
#..#.#.#..##..#..# #
####(........##.###..
..##.#...#.#.#...#..#...
.................'......
.....)......#....#......
.......o....#....#......
..S..oo@....#....#......
#.....#
..##+#####..###..#######
#...(.#
..###..###..###...#
......#
....$...............
......#
....>...............
......#
....................
......#
..............######
......#
..............##....
#.<.#
#...##...##...##....


You could see an orc warrior, an orc priest, an orc wizard and an adder.

Vanquished Creatures
  A hound (D:4)
  A bullfrog skeleton (D:4)
  3 gnolls (D:2)
  4 adders
  2 worms
  2 dart slugs
  2 orcs (D:3)
  3 ball pythons
  3 endoplasms
  4 giant cockroaches (D:1)
  6 goblins
  2 hobgoblins (D:1)
  7 jackals
  7 kobolds
  A quokka (D:3)
  A ball python zombie (D:1)
  3 bats
  6 frilled lizards
  A quokka zombie (D:1)
  5 rats
64 creatures vanquished.

Vanquished Creatures (others)
  3 plants (D:1)
3 creatures vanquished.

Grand Total: 67 creatures vanquished

Notes
Turn   | Place    | Note
-------+----------+-------------------------------------------
     0 | D:1      | Sin92 the Demonspawn Fighter began the quest for the Orb.
     0 | D:1      | Reached XP level 1. HP: 18/18 MP: 1/1
    60 | D:1      | Found a faded altar of an unknown god.
   206 | D:1      | Gained mutation: Spells you cast may paralyse adjacent
                  | enemies. [demonic ancestry]
   206 | D:1      | Reached XP level 2. HP: 24/24 MP: 2/2
   932 | D:2      | Reached XP level 3. HP: 25/29 MP: 3/3
  1079 | D:2      | Reached skill level 1 in Dodging
  1336 | D:2      | Reached XP level 4. HP: 11/35 MP: 4/4
  2917 | D:4      | Noticed an orc warrior
  3057 | D:4      | Gained mutation: You regenerate magic rapidly. [demonic
                  | ancestry]
  3057 | D:4      | Reached XP level 5. HP: 41/41 MP: 5/5
  3123 | D:4      | Slain by an orc warrior

Illustrated notes

Levels and vault maps discovered:
D:1:      saegor_arrival_fortress, layout_rooms,
          hellmonk_ecumenical_altar_zigzags, serial_bayou, serial_bayou_shore_a,
          serial_bayou_pond_d, serial_bayou_pond_d, serial_bayou_pond_b,
          st_stairs_11
D:2:      layout_loops_ring
D:3:      layout_basic, kennysheep_generic_room_6
D:4:      layout_gridville, minmay_temple_entry_overgrown, serial_glass,
          glass_columns_a, glass_columns_b, feat_on_display,
          minmay_strange_pillars, item_on_display_a, item_on_display_a

Skill      XL: |  1  2  3  4 |
---------------+-------------+-----
Polearms       | 2 3 |  3.3
Dodging        | 1 |  1.8
Shields        | 3 |  3.3
Armour         | 3 |  3.2
Fighting       | |  3.7

Action                   |  1- 3 |  4- 6 || total
-------------------------+-------+-------++-------
Melee: Trident           |   110 |   115 ||   225
  Use: Potion            |     1 |     1 ||     2
       Scroll            |       |     8 ||     8
Armor: Scale mail        |    31 |       ||    31
       Chain mail        |    14 |    62 ||    76
Dodge: Dodged            |    29 |    28 ||    57
Block: Kite shield       |    44 |    51 ||    95

Table legend: (Time is in decaauts)
 A = Elapsed time spent in this place.
 B = Non-inter-level travel time spent in this place.
 C = Inter-level travel time spent in this place.
 D = Time resting spent in this place.
 E = Time spent auto-exploring this place.
 F = Levels seen in this place.
 G = Mean time per level.
                   A        B        C        D        E       F      G
               +--------+--------+--------+--------+--------+-----+--------+
         Total |   3228 |   3114 |    114 |      0 |   2594 |   4 |  807.0 |
       Dungeon |   3228 |   3114 |    114 |      0 |   2594 |   4 |  807.0 |
               +--------+--------+--------+--------+--------+-----+--------+

Top non-repeatable levels by time:
     D:3: 1162 daAuts
     D:2: 973 daAuts
     D:1: 920 daAuts
     D:4: 172 daAuts
